 Dungeon Crawl Stone Soup version 0.16-a0-3008-g8433e14 (webtiles) character file.

2569 Ratboiler the Basher (level 9, -2/59 HPs)
             Began as a Formicid Necromancer on Dec 7, 2014.
             Was a Priest of Zin.
             Slain by a warg (8 damage)
             ... on level 8 of the Dungeon.
             The game lasted 00:37:10 (11812 turns).

Ratboiler the Basher (Formicid Necromancer)        Turns: 11812, Time: 00:37:10

Health: -2/59      AC:  9    Str: 16    XL:     9   Next: 87%
Magic:  31/31      EV:  8    Int: 18    God:    Zin [***...]
Gold:   117        SH:  0    Dex: 17    Spells: 1 memorised, 11 levels left

rFire  . . .     SeeInvis +     b - +0 blowgun
rCold  . . .     Clarity  .     e - +0 scale mail
rNeg   . . .     SustAb   .     (no shield)
rPois  ∞         Gourm    .     (helmet unavailable)
rElec  .         Spirit   .     (no cloak)
rCorr  .         Warding  .     f - +1 pair of gloves
rMut   .         Stasis   +     (no boots)
MR     .....                    (no amulet)
Stlth  +.........               B - ring of magical power
                                A - ring "Hinnue Mneu" {+Fly rPois AC+1}

@: vitalised, short of breath, not resistant to hostile enchantments, very
unstealthy
A: permanent stasis, dig shafts and tunnels, four strong arms, antennae 3
a: Dig, Shaft Self, Recite, Vitalisation, Imprison, Renounce Religion, Evoke
Flight


You were on level 8 of the Dungeon.
You worshipped Zin.
Zin was most pleased with you.
You were not hungry.

You visited 1 branch of the dungeon, and saw 8 of its levels.

You collected 309 gold pieces.
You spent 150 gold pieces at shops.
You donated 42 gold pieces to Zin.

Inventory:

Hand weapons
 a - a +3 flail of venom
 b - a +0 blowgun (weapon)
 k - a +0 hunting sling
Missiles
 g - 6 needles of slowing
 h - 49 poisoned needles (quivered)
 i - 27 bolts
 j - a throwing net
 l - 82 sling bullets
 t - 16 steel sling bullets
 w - 5 tomahawks
Armour
 e - a +0 scale mail (worn)
 f - a +1 pair of gloves (worn)
Magical staves
 z - an uncursed staff of conjuration
Jewellery
 r - an uncursed amulet of resist mutation
 x - an uncursed ring of ice
 A - the ring "Hinnue Mneu" (left hand) {+Fly rPois AC+1}
   (You bought it in a shop on level 5 of the Dungeon)

   [ring of protection]

   It affects your AC (+1).
   It protects you from poison.
   It lets you fly.
 B - a ring of magical power (right hand)
Magical devices
 D - a wand of slowing (31)
Scrolls
 d - a scroll of remove curse
 m - a scroll of fog
 n - 2 scrolls of immolation {unknown}
 o - 2 scrolls of amnesia
 q - a scroll of recharging {unknown}
 s - a scroll of fear {unknown}
 y - a scroll of noise {unknown}
Potions
 C - a potion of curing
 E - a potion of cancellation
 F - a potion of restore abilities
 H - a potion of brilliance {unknown}
Books
 G - a book of Fire

   Spells                             Type                      Level
   a - Ignite Poison                  Fire/Transmutation           5
   b - Fireball                       Conjuration/Fire             5
   c - Bolt of Fire                   Conjuration/Fire             6
   d - Delayed Fireball               Conjuration/Fire             7
   e - Ring of Flames                 Charms/Fire                  7
Comestibles
 c - 5 bread rations
 p - 4 meat rations
 u - a beef jerky
 I - 6 chunks of flesh


   Skills:
 + Level 1.0 Fighting
 * Level 10.4 Maces & Flails
 + Level 1.4 Armour
 - Level 1.7 Dodging
 - Level 2.4 Stealth
 - Level 2.1 Spellcasting
 - Level 4.0 Necromancy
 - Level 8.0 Invocations


You had 11 spell levels left.
You knew the following spells:

 Your Spells              Type           Power        Failure   Level  Hunger
a - Pain                  Necr           ###.         12%         1    #......


Dungeon Overview and Level Annotations

Branches:
Dungeon (8/15)             Temple (0/1) D:4
   Lair: D:8-11

Altars:
Ashenzari
Cheibriados
Dithmenos
Makhleb
Nemelex Xobeh
Okawaru
Zin

Shops:
D:5 *   D:6 *   D:7 =

Annotations:
D:8 1 exclusion


Innate Abilities, Weirdness & Mutations

You are under a permanent stasis effect.
You can dig through walls and to a lower floor.
Your four strong arms can wield two-handed weapons with a shield.
You have a pair of large antennae on your head (SInv).


Message History

A warg comes into view.
The warg barks!
The orc wizard gestures wildly while chanting.
The orc wizard blinks!
The giant cockroach bites you.
* * * LOW HITPOINT WARNING * * *
Use which ability? (? or * to list)
You extend your mandibles.
You dig through the rock wall.
The giant cockroach bites you but does no damage.
The warg bites you.
* * * LOW HITPOINT WARNING * * *
You dig through the rock wall.
You retract your mandibles.
The warg barely misses you.
The orc priest shouts!
You see here 11 stones.
A kobold comes into view.
The kobold shouts!
There is a stone staircase leading up here.
The warg bites you but does no damage. The warg bites you!
You die...

.....#
..#...............
######
#.#####...######.#
###K# #...######.#
...# ##o.........#
#.####o#....######
#o...{{..§..#
#s##.###....#
#h##o######.#
#@h.......#.#
#########.#.# #.#
### #.# #.. ..#


You could see 2 wargs, an orc warrior, an orc priest, a giant cockroach and a
kobold.

Vanquished Creatures
  Joseph (D:7)
  A steam dragon (D:8)
  Edmund (D:5)
  An ice beast (D:6)
  3 ogres
  Sigmund (D:5)
  3 giant frogs
  Blork the orc (D:4)
  A scorpion (D:4)
  3 wights (D:7)
  A goliath beetle (D:7)
  A giant frog zombie (D:5)
  A jelly (D:7)
  4 crimson imps
  A quasit (D:5)
  2 hounds
  2 giant frog skeletons
  3 orc priests
  6 orc wizards
  2 iguanas (D:6)
  7 worker ants
  2 hound skeletons
  3 gnolls (D:7)
  7 adders
  2 shadow imps
  2 giant mites (D:5)
  3 worms
  2 adder skeletons
  7 giant geckos
  An ooze (D:2)
  31 orcs
  3 ball pythons
  A bat zombie (D:7)
  4 giant cockroaches
  14 hobgoblins
  11 jackals
  9 kobolds
  13 bats
  3 giant newts
  13 goblins
  9 rats
186 creatures vanquished.

Notes
Turn   | Place    | Note
--------------------------------------------------------------
     0 | D:1      | Ratboiler, the Formicid Necromancer, began the quest for the Orb.
     0 | D:1      | Reached XP level 1. HP: 13/13 MP: 3/3
   173 | D:1      | Reached skill level 1 in Maces & Flails
   275 | D:1      | Reached XP level 2. HP: 13/19 MP: 5/5
  1059 | D:2      | Reached XP level 3. HP: 22/24 MP: 7/7
  1312 | D:2      | Found a burning altar of Makhleb.
  1313 | D:2      | Noticed a green death
  1314 | D:2      | Found a glowing silver altar of Zin.
  1315 | D:2      | Noticed an angel
  1318 | D:2      | Became a worshipper of Zin the Law-Giver
  1320 | D:2      | Donated 8 gold pieces to Zin
  1320 | D:2      | Donated 4 gold pieces to Zin
  1837 | D:2      | Reached XP level 4. HP: 22/30 MP: 8/8
  2658 | D:3      | Reached XP level 5. HP: 35/35 MP: 11/11
  3761 | D:3      | Reached skill level 5 in Maces & Flails
  3765 | D:3      | Reached XP level 6. HP: 21/41 MP: 12/12
  4018 | D:4      | Found a staircase to the Ecumenical Temple.
  4116 | D:4      | Reached skill level 6 in Maces & Flails
  4779 | D:4      | Acquired Zin's first power
  4812 | D:4      | Noticed Blork the orc
  4830 | D:4      | Killed Blork the orc
  4830 | D:4      | Reached XP level 7. HP: 19/46 MP: 14/14
  5076 | D:4      | Found an iron altar of Okawaru.
  5332 | D:4      | Reached skill level 7 in Maces & Flails
  5915 | D:4      | Noticed an ogre
  5927 | D:4      | Killed an ogre
  5973 | D:4      | Reached skill level 8 in Maces & Flails
  5973 | D:4      | Reached XP level 8. HP: 37/52 MP: 16/16
  6141 | D:4      | Found a sparkling altar of Nemelex Xobeh.
  6177 | D:5      | Entered Level 5 of the Dungeon
  6277 | D:5      | Acquired Zin's second power
  6905 | D:5      | Found Uraent's Assorted Antiques.
  7036 | D:5      | Found a shadowy altar of Dithmenos.
  7378 | D:5      | Noticed Edmund
  7854 | D:4      | Reached skill level 9 in Maces & Flails
  8211 | D:5      | Noticed Sigmund
  8251 | D:5      | Killed Sigmund
  8503 | D:5      | Killed Edmund
  8971 | D:6      | Reached skill level 10 in Maces & Flails
  9234 | D:6      | Reached XP level 9. HP: 57/57 MP: 18/18
  9351 | D:6      | Reached skill level 1 in Invocations
  9441 | D:6      | Found a shattered altar of Ashenzari.
  9682 | D:6      | Found Voplitit's Assorted Antiques.
  9916 | D:5      | Bought a scorched pewter ring for 150 gold pieces
  9916 | D:5      | Identified the ring "Hinnue Mneu" {+Fly rPois AC+1} (You bought it in a shop on level 5 of the Dungeon)
 10140 | D:7      | Noticed Joseph
 10426 | D:7      | Reached skill level 5 in Invocations
 10509 | D:7      | Acquired Zin's third power
 10614 | D:7      | Killed Joseph
 11078 | D:7      | Found Foeshusu's Jewellery Emporium.
 11102 | D:7      | Found a snail-covered altar of Cheibriados.
 11292 | D:8      | Noticed a cyclops
 11482 | D:8      | Reached skill level 1 in Armour
 11596 | D:8      | Reached skill level 1 in Fighting
 11812 | D:8      | Slain by a warg

Action                   |  1- 3 |  4- 6 |  7- 9 || total
-------------------------+-------+-------+-------++-------
Melee: Whip              |    82 |       |       ||    82
       Mace              |    36 |   133 |   246 ||   415
       Flail             |       |       |   230 ||   230
 Fire: Hunting sling     |    11 |    34 |       ||    45
       Blowgun           |       |    20 |    68 ||    88
 Cast: Pain              |     7 |       |       ||     7
Invok: Recite            |       |       |    12 ||    12
       Vitalisation      |       |       |     1 ||     1
 Abil: Dig               |       |       |    15 ||    15
  Use: Potion            |     1 |     7 |     3 ||    11
       Scroll            |       |     9 |     4 ||    13
 Stab: Invisible         |       |     1 |       ||     1
  Eat: Chunk             |     3 |     5 |    13 ||    21
       Bread ration      |       |     1 |       ||     1
       Fruit             |       |       |     4 ||     4
       Beef jerky        |       |       |     2 ||     2
       Meat ration       |       |       |     1 ||     1
